 Dungeon Crawl Stone Soup version 0.23.2-40-g277498a001 (webtiles) character file.

Game seed: 5555007580501277908

2069 Amplified the Covered (level 9, -1/117 HPs)
             Began as a Minotaur Fighter on Oct 11, 2019.
             Was a Priest of Makhleb.
             Slain by an eight-headed hydra (6 damage)
             ... on level 6 of the Dungeon.
             The game lasted 00:05:21 (3720 turns).

Amplified the Covered (Minotaur Fighter)            Turns: 3720, Time: 00:05:22

Health: -1/117     AC: 24    Str: 27    XL:     9   Next: 5%
Magic:  11/11      EV:  2    Int: 10    God:    Makhleb [***...]
Gold:   310        SH: 11    Dex: 14    Spells: 8/8 levels left

rFire    . . .     SeeInvis .   d - +2 whip (freeze)
rCold    . . .     Gourm    +   c - +0 shield
rNeg     + + +     Faith    .   (armour currently unavailable)
rPois    +         Spirit   .   (helmet currently unavailable)
rElec    .         Reflect  .   (cloak currently unavailable)
rCorr    .         Harm     .   (gloves currently unavailable)
MR       .....     NoTele   +   (boots currently unavailable)
Stlth    +++.......             h - amulet of the gourmand
HPRegen  0.29/turn              n - ring of stealth
MPRegen  0.12/turn              o - +5 ring of strength

@: agile, tree-form (expiring)
A: (retaliatory headbutt), clever 1, subdued magic 1
a: Minor Destruction, Lesser Servant of Makhleb, Renounce Religion


You were on level 6 of the Dungeon.
You worshipped Makhleb.
Makhleb was most pleased with you.
You were completely stuffed.
You were a tree.
You visited 1 branch of the dungeon, and saw 6 of its levels.

You collected 310 gold pieces.

Inventory:

Hand Weapons
 d - a +2 whip of freezing (weapon)
 r - a +0 morningstar
Armour
 c - a +0 shield (worn)
 s - a +0 plate armour (melded)
Jewellery
 h - an amulet of the gourmand (around neck)
 n - a ring of stealth (left branch)
 o - a +5 ring of strength (right branch)
Wands
 b - a wand of flame (26)
 l - a wand of iceblast (5)
Scrolls
 g - 3 scrolls of teleportation
 i - a scroll of identify
 k - 2 scrolls of remove curse
 m - a scroll of fear
Comestibles
 f - 12 rations
 q - 14 chunks of flesh


   Skills:
 * Level 6.9 Fighting
 * Level 6.3 Maces & Flails
 * Level 6.9 Armour
 * Level 5.0 Dodging
 * Level 6.9 Shields
 * Level 4.2 Invocations


You had 8 spell levels left.
You didn't know any spells.
Your spell library was empty.

Dungeon Overview and Level Annotations

Branches:
Dungeon (6/15)
 Temple: D:4-7

Altars:
Fedhas
Hepliaklqana
Kikubaaqudgha
Makhleb
Qazlal
Xom
Yredelemnul
The Shining One


Innate Abilities, Weirdness & Mutations

((You reflexively headbutt those who attack you in melee.))
((You have a pair of horns on your head.))
((You have large cloven feet.))
Your mind is acute. (Int +2)
Your spells are a little easier to cast, but a little less powerful.


Message History

The eight-headed hydra bites you but does no damage. x2
Okay, then.
A demon appears!
The eight-headed hydra bites you!
* * * LOW HITPOINT WARNING * * *
You block the eight-headed hydra's attack.
The eight-headed hydra bites you.
* * * LOW HITPOINT WARNING * * *
The eight-headed hydra bites you but does no damage. x4
You block the eight-headed hydra's attack.
You barely miss the eight-headed hydra.
The eight-headed hydra is heavily wounded.
You block the eight-headed hydra's attack.
The eight-headed hydra bites you.
* * * LOW HITPOINT WARNING * * *
The eight-headed hydra bites you.
* * * LOW HITPOINT WARNING * * *
The eight-headed hydra bites you but does no damage. x2
You block the eight-headed hydra's attack.
The eight-headed hydra bites you.
You die...

.. # #.# .#
...⌠ ####. ..#
... ... #.#
#.######<#
#...D♣)..#
###3###))#
#.....#..#
#.....#..#
...........#
....#.....#.##
...##.....#...
#.#
###.###.### ..
... ..#


You could see an eight-headed hydra and a friendly smoke demon.

Vanquished Creatures
  Pikel (D:4)
  Grinder (D:4)
  Menkaure (D:4)
  A hungry ghost (D:5)
  An ogre (D:5)
  Blork the orc (D:4)
  A wyvern zombie (D:6)
  5 scorpions (D:5)
  A crimson imp (D:5)
  An orc priest (D:5)
  2 centaur zombies
  3 hounds
  2 centaur skeletons (D:4)
  An iguana (D:4)
  3 orc wizards (D:5)
  6 worker ants
  A hound skeleton (D:4)
  8 adders
  An adder skeleton (D:4)
  An adder zombie (D:5)
  3 worms
  A dart slug (D:4)
  5 leopard geckos
  21 orcs
  9 giant cockroaches
  8 goblins
  11 hobgoblins
  12 jackals
  A quokka (D:6)
  2 ball pythons (D:2)
  22 bats
  6 frilled lizards
  5 kobolds
  A quokka skeleton (D:4)
  A quokka zombie (D:5)
  5 rats
155 creatures vanquished.

Vanquished Creatures (others)
  A fungus (D:5)
1 creature vanquished.

Grand Total: 156 creatures vanquished

Notes
Turn   | Place    | Note
-------+----------+-------------------------------------------
     0 | D:1      | Amplified the Minotaur Fighter began the quest for the Orb.
     0 | D:1      | Reached XP level 1. HP: 19/19 MP: 0/0
    54 | D:1      | Reached XP level 2. HP: 25/27 MP: 1/1
   365 | D:1      | Reached skill level 1 in Dodging
   624 | D:2      | Reached XP level 3. HP: 29/33 MP: 2/2
   690 | D:2      | Found a radiant altar of Vehumet.
   692 | D:2      | Found a shimmering altar of Xom.
   692 | D:2      | Found a snail-covered altar of Cheibriados.
   694 | D:2      | Found a radiant altar of Vehumet.
   694 | D:2      | Found a shattered altar of Ashenzari.
   694 | D:2      | Found a snail-covered altar of Cheibriados.
   819 | D:2      | Found a hazy altar of Hepliaklqana.
   907 | D:2      | Reached XP level 4. HP: 40/40 MP: 3/3
  1399 | D:3      | Found a burning altar of Makhleb.
  1413 | D:3      | Became a worshipper of Makhleb the Destroyer
  1648 | D:3      | Reached XP level 5. HP: 26/47 MP: 4/4
  1777 | D:3      | Found a glowing golden altar of the Shining One.
  1777 | D:3      | Found a basalt altar of Yredelemnul.
  1778 | D:3      | Found a blossoming altar of Fedhas.
  2010 | D:4      | Reached * piety under Makhleb
  2095 | D:4      | Noticed Blork the orc
  2102 | D:4      | Killed Blork the orc
  2102 | D:4      | Reached skill level 1 in Invocations
  2130 | D:4      | Reached XP level 6. HP: 52/55 MP: 5/5
  2222 | D:4      | Noticed Menkaure
  2233 | D:4      | Killed Menkaure
  2233 | D:4      | Reached skill level 5 in Fighting
  2245 | D:4      | Noticed a slave
  2246 | D:4      | Noticed a slave
  2246 | D:4      | Noticed a slave
  2247 | D:4      | Noticed a slave
  2247 | D:4      | Noticed Pikel
  2253 | D:4      | Gained mutation: Your spells are a little easier to cast,
                  | but a little less powerful. [potion of mutation]
  2253 | D:4      | Gained mutation: Your mind is acute. (Int +2) [potion of
                  | mutation]
  2253 | D:4      | Gained mutation: You have large cloven feet. [potion of
                  | mutation]
  2262 | D:4      | Killed Pikel
  2262 | D:4      | Reached skill level 5 in Armour
  2262 | D:4      | Reached skill level 5 in Shields
  2262 | D:4      | Reached XP level 7. HP: 34/62 MP: 6/8
  2303 | D:4      | Reached skill level 5 in Maces & Flails
  2569 | D:4      | Reached XP level 8. HP: 67/70 MP: 9/9
  2933 | D:4      | Noticed Grinder
  2945 | D:4      | Killed Grinder
  2987 | D:5      | Entered Level 5 of the Dungeon
  3001 | D:5      | Reached ** piety under Makhleb
  3494 | D:5      | Found a stormy altar of Qazlal.
  3494 | D:5      | Found an ancient bone altar of Kikubaaqudgha.
  3511 | D:5      | Reached skill level 5 in Dodging
  3545 | D:5      | Reached *** piety under Makhleb
  3664 | D:6      | Reached XP level 9. HP: 59/78 MP: 11/11
  3669 | D:6      | Noticed an eight-headed hydra
  3720 | D:6      | HP: 5/117 [eight-headed hydra (3)]
  3720 | D:6      | Slain by an eight-headed hydra

Skill      XL: |  1  2  3  4  5  6  7  8 |
---------------+-------------------------+-----
Dodging        | 1 2 3 5 |  5.0
Fighting       | 4 5 6 |  6.9
Armour         | 4 5 6 |  6.9
Shields        | 4 5 6 |  6.9
Maces & Flails | 3 4 5 6 |  6.3
Invocations    | 1 2 3 4 |  4.2

Action                   |  1- 3 |  4- 6 |  7- 9 || total
-------------------------+-------+-------+-------++-------
Melee: Flail             |   102 |    87 |       ||   189
       Headbutt          |    13 |    30 |    33 ||    76
       Morningstar       |       |    55 |       ||    55
       Whip              |       |       |   244 ||   244
       Kick              |       |       |    39 ||    39
Invok: Lesser Servant of |       |       |     1 ||     1
Evoke: Wand              |       |       |     2 ||     2
  Use: Scroll            |     4 |     6 |     4 ||    14
       Potion            |       |     6 |     5 ||    11
  Eat: Chunk             |       |    17 |    10 ||    27
Armor: Scale mail        |    58 |    57 |    45 ||   160
       Plate armour      |       |       |    15 ||    15
       Skin              |       |       |    50 ||    50
Dodge: Dodged            |    30 |    44 |    76 ||   150
Block: Shield            |    53 |    89 |   126 ||   268
